Map: 亚历山大港 - 天梯版

Players

Replicant

  • Race: Terran Terran
  • League: Gold

SouLeer - Winner!

  • Race: Zerg Zerg
  • League: Master

Event: WESG 2018 Grand Finals

VOD

Have the link to the VOD?

Description

Time

  • Played on: March 11, 2019, 3:05 a.m.
  • Length: 5:59

All games in this series

Show
View Real Time Build Order
Export as new Build Order

Replicant Terran 

Build Orders:  

Get SALT Encoding   

  12  0:00  SCV  
  13  0:13  SCV  
  14  0:18  Supply Depot  
  14  0:25  SCV  
  15  0:40  SCV  
  15  0:41  Barracks  
  16  0:44  Refinery  
  16  0:52  SCV  
  17  1:04  SCV  
  18  1:16  SCV  
  19  1:28  Barracks Reactor  
  19  1:29  Orbital Command  
  19  1:42  Command Center  
  19  1:54  SCV  
  19  1:55  Supply Depot  
  20  2:04  Factory  
  20  2:10  Marine x2  
  20  2:13  SCV  
  23  2:24  Refinery  
  23  2:25  SCV  
  23  2:28  Marine x2  
  27  2:37  SCV  
  27  2:47  Marine x2  
  27  2:49  SCV  
  27  2:50  Starport  
  30  2:53  Factory Reactor  
  30  2:59  Orbital Command  
  30  3:01  SCV  
  31  3:09  Marine x2  
  33  3:15  Supply Depot  
  33  3:20  SCV  
  33  3:25  SCV  
  33  3:27  Marine x2  
  35  3:32  SCV  
  38  3:34  Medivac x2  
  38  3:39  SCV  
  43  3:42  Supply Depot  
  43  3:44  SCV  
  43  3:45  Widow Mine  
  46  3:49  Marine x2  
  46  3:51  SCV  
  49  3:56  SCV  
  50  4:03  SCV  
  50  4:08  SCV  
  52  4:10  Liberator  
  52  4:13  Command Center  
  52  4:15  SCV  
  53  4:20  Supply Depot  
  53  4:24  Hellion x2  
  57  4:30  SCV x2  
  62  4:34  Liberator  
  59  4:42  SCV x2  
  53  4:48  Hellion x2  
  59  4:59  SCV x2  
  59  5:11  Hellion, SCV x2  
  59  5:12  Hellion  
  61  5:16  Barracks Tech Lab  
  61  5:24  SCV x2  
  63  5:36  SCV  
  63  5:37  SCV  
  60  5:44  Barracks Tech Lab  
Show
View Real Time Build Order
Export as new Build Order

SouLeer Zerg - Winner!

Build Orders: Hatch First 

Get SALT Encoding   

  12  0:01  Drone  
  13  0:12  Overlord  
  13  0:18  Drone  
  14  0:30  Drone x2  
  14  0:35  Drone  
  17  0:52  Hatchery  
  17  0:55  Drone  
  17  0:58  Drone  
  18  1:12  Spawning Pool  
  18  1:15  Drone  
  18  1:18  Extractor  
  18  1:20  Drone  
  18  1:30  Drone  
  19  1:41  Overlord  
  19  1:50  Drone  
  20  1:59  Queen  
  20  2:00  Zergling x2  
  23  2:04  Queen, Zergling x2  
  26  2:11  Drone  
  27  2:17  Drone  
  28  2:23  Drone  
  28  2:24  Metabolic Boost  
  28  2:27  Drone  
  30  2:39  Hatchery  
  29  2:46  Queen  
  31  2:51  Overlord  
  31  2:53  Drone  
  31  2:55  Drone  
  31  2:58  Drone  
  34  3:01  Drone  
  34  3:03  Drone  
  36  3:11  Drone x2  
  36  3:12  Drone  
  39  3:13  Drone  
  39  3:14  Drone  
  41  3:20  Overlord  
  41  3:23  Drone  
  42  3:27  Queen  
  42  3:32  Overlord  
  43  3:40  Drone  
  43  3:41  Drone  
  45  3:42  Drone x3  
  45  3:45  Queen  
  50  3:53  Zergling x6  
  53  3:56  Zergling x6  
  53  4:01  Baneling Nest  
  53  4:02  Zergling x2  
  56  4:05  Zergling x2  
  57  4:12  Queen  
  57  4:14  Drone x3  
  62  4:18  Overlord  
  62  4:22  Overlord x2  
  62  4:37  Zergling x6  
  65  4:40  Overlord  
  65  4:44  Zergling x12  
  71  4:49  Zergling x4  
  73  4:52  Zergling x2  
  73  4:53  Zergling x4  
  73  4:54  Zergling x4  
  73  4:55  Zergling x2  
  73  4:58  Overlord  
  77  5:01  Overlord  
  73  5:08  Drone x3  
  73  5:13  Evolution Chamber  
  75  5:14  Evolution Chamber  
  75  5:15  Drone  
  75  5:21  Drone x3  
  75  5:23  Drone x2  
  75  5:26  Extractor  
  75  5:28  Extractor  
  76  5:29  Drone x2  
  76  5:34  Drone  
  79  5:40  Drone x2  
Tags
 
Add a new tag
Caveats
  • Supply blocks, unpowered buildings, or Contaminate may cause inaccurate times.
  • Supply counts are checked every 10 seconds.